 Dungeon Crawl Stone Soup version 0.27.0-1-g7a089689b8 (webtiles) character file.

Game seed: 15039938165711882946

62 nxtlvl the Poker (level 4, -2/33 HPs)
             Began as a Human Gladiator on Aug 4, 2021.
             Slain by an adder (3 damage)
             ... on level 2 of the Dungeon.
             The game lasted 00:05:23 (470 turns).

nxtlvl the Poker (Human Gladiator)                   Turns: 470, Time: 00:05:24

Health: -2/33      AC:  4    Str: 14    XL:     4   Next: 28%
Magic:  4/4        EV: 12    Int:  9    God:
Gold:   29         SH:  0    Dex: 15    Spells: 3/3 levels left

rFire    . . .     SeeInvis .   a - +0 trident
rCold    . . .     Faith    .   (no shield)
rNeg     . . .     Spirit   .   b - +0 leather armour
rPois    .         Reflect  .   c - +0 helmet
rElec    .         Harm     .   (no cloak)
rCorr    .         Rampage  .   (no gloves)
Will     .....                  (no boots)
Stlth    +.........             j - amulet of magic regeneration
HPRegen  0.11/turn              (no ring)
MPRegen  0.34/turn              (no ring)

@: lethally poisoned (-2 -> -3)
A: no striking features
a: no special abilities


You were on level 2 of the Dungeon.
You visited 1 branch of the dungeon, and saw 2 of its levels.

You collected 29 gold pieces.

Inventory:

Hand Weapons
 a - a +0 trident (weapon)
Missiles
 e - 26 poisoned darts (quivered)
Armour
 b - a +0 leather armour (worn)
 c - a +0 helmet (worn)
Jewellery
 j - an amulet of magic regeneration (around neck)
Wands
 h - a wand of acid (19)
Scrolls
 f - a scroll of teleportation {unknown}
 g - a scroll of fog {unknown}
 i - a scroll of immolation {unknown}


   Skills:
 - Level 2.0 Fighting
 + Level 4.8 Polearms
 - Level 2.0 Throwing
 - Level 3.0 Dodging


You had 3 spell levels left.
You didn't know any spells.
Your spell library was empty.

Dungeon Overview and Level Annotations

Branches:
Dungeon (2/15)

Altars:


Message History

Throw: 27 darts (poison)
Press: ? - help, Q - select action, (/) - cycle Shift-Dir - straight line, f/p - adder
Aim: an adder (moderately wounded, poisoned, 42% to hit)
You throw a poisoned dart. The poisoned dart hits the adder.
The adder looks even sicker.
The adder is moderately wounded.
Throw: 2 throwing nets
Press: ? - help, Q - select action, (/) - cycle Shift-Dir - straight line, f/p - adder
Aim: an adder (heavily wounded, very poisoned, 42% to hit)
You throw a throwing net. The throwing net misses the adder.
Throw: throwing net
Press: ? - help, Q - select action, (/) - cycle Shift-Dir - straight line, f/p - adder
Aim: an adder (heavily wounded, very poisoned, 42% to hit)
You throw a throwing net.
The throwing net closely misses the adder.
The adder bites you but does no damage.
You barely miss the adder.
The adder is heavily wounded.
The adder bites you but does no damage. The adder barely misses you.
You closely miss the adder.
The adder is heavily wounded.
The adder barely misses you.
You closely miss the adder.
The adder is heavily wounded.
The adder closely misses you. The adder misses you.
You hit the adder.
The adder is almost dead.
The adder bites you.
* * * LOW HITPOINT WARNING * * *
You are poisoned.
The adder poisons you!
You closely miss the adder.
The adder is almost dead.
You feel sick. The adder misses you.
You closely miss the adder.
The adder is almost dead.
You feel sick. The adder bites you.
* * * LOW HITPOINT WARNING * * *
The adder bites you.
You die...

###########
#...(.....# ##
####### #.........#
.# .......
#.........# .#
....(..
#####.........# .#
.......
#.@...........#####
.. .......
#S###.........#....
.# .......##.#
#.........#.... <#
........(.#
#.........#.... .#
....#######
##.########.... ## r
####..# #......
##....#######.#....
##..###........#....
##..##...########....


You could see an adder (poisoned).

Vanquished Creatures
  Jessica (D:2)
  2 adders (D:2)
  An endoplasm (D:1)
  A giant cockroach (D:2)
  A goblin (D:1)
  3 hobgoblins
  A quokka (D:2)
  2 ball pythons
  2 bats
  2 frilled lizards
  2 kobolds
18 creatures vanquished.

Notes
Turn   | Place    | Note
-------+----------+-------------------------------------------
     0 | D:1      | nxtlvl the Human Gladiator began the quest for the Orb.
     0 | D:1      | Reached XP level 1. HP: 16/16 MP: 1/1
   164 | D:1      | Reached XP level 2. HP: 3/22 MP: 2/2
   244 | D:2      | Noticed Jessica
   252 | D:2      | Killed Jessica
   253 | D:2      | Reached skill level 4 in Polearms
   253 | D:2      | Reached XP level 3. HP: 11/27 MP: 3/3
   374 | D:2      | Reached XP level 4. HP: 24/33 MP: 4/4
   470 | D:2      | HP: 1/33 [adder (4)]
   470 | D:2      | Slain by an adder

Illustrated notes

Levels and vault maps discovered:
D:1:      sevenhm_arrival_forest_fort_large_4, layout_loops_cross
D:2:      layout_rooms, uniq_jessica

Skill      XL: |  1  2 |
---------------+-------+-----
Polearms       | 4 |  4.8
Fighting       | |  2.0
Throwing       | |  2.0
Dodging        | |  3.0

Action                   |  1- 3 |  4- 6 || total
-------------------------+-------+-------++-------
Melee: Trident           |    41 |    15 ||    56
Throw: Dart              |     5 |     7 ||    12
       Throwing net      |     3 |     5 ||     8
 Stab: Held in net/web   |     1 |       ||     1
Armor: Leather armour    |     3 |     3 ||     6
Dodge: Dodged            |    24 |     8 ||    32
